Map: Selva profunda EE

Players

AssTerran - Winner!

  • Race: Protoss Protoss
  • Spawn Location: 7:00

AzTK - Winner!

  • Race: Zerg Zerg
  • Spawn Location: 7:00

Genius - Winner!

  • Race: Protoss Protoss
  • Spawn Location: 7:00

TATORREA

  • Race: Protoss Protoss
  • League: Silver
  • Spawn Location: 1:00

MrFercho

  • Race: Zerg Zerg
  • League: Silver
  • Spawn Location: 3:00

tigro

  • Race: Terran Terran
  • League: Bronze
  • Spawn Location: 1:00

VOD

Have the link to the VOD?

Description

Time

  • Played on: June 26, 2020, 9:34 p.m.
  • Length: 12:45
Show
View Real Time Build Order
Export as new Build Order

AssTerran Protoss - Winner!

Build Orders: Forge Fast Expand (FFE), Carriers 

Get SALT Encoding   

  12  0:02  Probe  
  14  0:14  Probe  
  14  0:20  Pylon  
  14  0:28  Probe  
  15  0:37  Probe  
  16  0:45  Probe  
  16  0:48  Forge  
  17  0:54  Assimilator  
  17  0:56  Probe  
  18  1:08  Probe  
  19  1:20  Probe  
  20  1:32  Nexus  
  20  1:38  Pylon  
  20  1:39  Probe  
  21  1:45  Assimilator  
  21  2:03  Gateway  
  21  2:30  Photon Cannon  
  21  2:32  Probe  
  21  2:41  Photon Cannon  
  21  2:44  Probe x2  
  23  2:56  Probe x2  
  23  2:57  Cybernetics Core  
  25  3:04  Probe  
  25  3:08  Probe  
  25  3:12  Probe  
  28  3:23  Probe  
  28  3:25  Probe  
  30  3:34  Stargate  
  30  3:35  Stargate  
  30  3:38  Probe x2  
  32  3:44  Assimilator  
  32  3:50  Probe x2  
  32  3:55  Pylon  
  34  4:03  Probe  
  34  4:05  Assimilator  
  34  4:07  Probe  
  36  4:15  Probe  
  37  4:19  Probe, Phoenix x2  
  42  4:25  Pylon  
  42  4:27  Probe  
  43  4:36  Phoenix x2  
  43  4:39  Probe  
  48  4:49  Protoss Air Weapons Level 1, Probe  
  48  4:51  Probe  
  50  5:01  Phoenix x2, Probe  
  50  5:03  Probe  
  56  5:13  Probe  
  57  5:15  Probe  
  58  5:26  Fleet Beacon  
  58  5:31  Void Ray  
  62  5:39  Pylon  
  62  6:05  Void Ray  
  66  6:14  Void Ray  
  70  6:44  Photon Cannon  
  70  6:47  Photon Cannon  
  70  6:49  Photon Cannon  
  70  6:52  Photon Cannon  
  70  7:04  Protoss Air Armor Level 1  
  70  7:09  Pylon  
  70  7:10  Pylon  
  70  7:13  Stargate  
  70  7:27  Carrier, Probe x2  
  70  7:28  Carrier  
  82  7:39  Probe x2  
  83  7:51  Probe  
  81  8:37  Nexus  
  81  8:39  Pylon  
  81  8:43  Pylon  
  81  8:47  Mothership, Pylon  
  81  8:48  Carrier x2  
  81  8:49  Pylon  
  81  8:51  Pylon  
  81  8:52  Protoss Air Weapons Level 2, Carrier  
  107  9:16  Assimilator  
  107  9:20  Assimilator  
  107  9:21  Photon Cannon  
  107  9:40  Probe  
  108  9:52  Carrier x2, Probe  
  109  9:55  Carrier  
  109  9:58  Pylon  
  109  10:00  Pylon  
  109  10:02  Nexus  
  109  10:04  Probe  
  128  10:14  Probe  
  128  10:16  Probe  
  130  10:26  Probe  
  130  10:27  Photon Cannon  
  131  10:28  Photon Cannon, Probe  
  131  10:30  Photon Cannon  
  131  10:32  Photon Cannon  
  132  10:38  Probe  
  133  10:45  Cybernetics Core  
  133  10:48  Stargate  
  133  11:01  Carrier x2  
  145  11:06  Assimilator  
  145  11:08  Assimilator  
Show
View Real Time Build Order
Export as new Build Order

AzTK Zerg - Winner!

Build Orders: Pool First 

Get SALT Encoding   

  12  0:02  Drone  
  13  0:08  Drone  
  14  0:16  Overlord  
  14  0:35  Drone x3  
  17  0:47  Spawning Pool  
  17  0:49  Drone  
  17  0:57  Extractor  
  17  0:58  Drone  
  17  1:10  Drone  
  18  1:18  Drone  
  19  1:30  Hatchery  
  18  1:33  Drone  
  19  1:41  Drone  
  20  1:51  Queen  
  22  2:09  Overlord x2  
  22  2:28  Zergling x4  
  24  2:32  Queen  
  26  2:40  Zergling x2  
  27  2:53  Zergling x4  
  27  2:54  Overlord  
  27  2:55  Overlord  
  29  3:02  Zergling x2  
  29  3:03  Zergling x4  
  29  3:04  Metabolic Boost  
  32  3:20  Zergling x2  
  32  3:21  Zergling x6  
  36  3:32  Drone x3  
  39  3:43  Extractor  
  38  3:59  Drone  
  38  4:00  Drone x5  
  44  4:21  Hatchery  
  42  4:33  Drone  
  42  4:34  Drone x2  
  45  4:48  Drone  
  45  4:51  Drone x3  
  49  4:56  Extractor, Drone x2  
  49  4:57  Extractor  
  46  5:35  Queen  
  46  5:42  Zergling x2  
  49  5:43  Zergling x6  
  49  5:49  Lair  
  52  5:58  Roach Warren  
  50  6:49  Drone  
  50  6:50  Drone x2  
  50  6:51  Drone  
  50  6:52  Drone x2  
  56  6:58  Zergling x6  
  57  7:02  Zergling x6  
  57  7:03  Zergling x8  
  52  7:31  Queen  
  54  7:40  Hydralisk Den  
  54  7:43  Evolution Chamber  
  54  7:44  Evolution Chamber  
  47  7:59  Zergling x6  
  47  8:00  Zergling x14  
  51  8:13  Glial Reconstitution, Grooved Spines, Infestation Pit  
  51  8:15  Zerg Ground Armor Level 1, Zerg Missile Weapons Level 1  
  46  8:40  Spore Crawler  
  45  8:42  Spore Crawler  
  44  9:12  Pathogen Glands  
  44  9:13  Hydralisk x3  
  44  9:14  Hydralisk x2  
  44  9:15  Hydralisk x5  
  64  9:18  Overlord x3  
  64  9:32  Drone  
  64  9:36  Pneumatized Carapace  
  65  9:47  Muscular Augments, Spore Crawler  
  64  9:59  Roach  
  70  10:00  Roach x7  
  70  10:01  Roach x4  
  70  10:03  Overlord x3  
  70  10:04  Overlord x2  
  88  10:36  Hydralisk  
  88  10:37  Hydralisk x6  
  88  10:38  Hydralisk x8  
  88  10:40  Hydralisk  
  120  11:08  Spore Crawler  
  119  11:18  Roach x3, Hydralisk x2  
  127  11:20  Overlord x2  
  129  11:52  Hydralisk x2  
  129  11:53  Hydralisk x4  
  137  11:55  Overlord  
Show
View Real Time Build Order
Export as new Build Order

Genius Protoss - Winner!

Build Orders:  

Get SALT Encoding   

  12  0:04  Probe  
  13  0:16  Probe  
  14  0:31  Pylon, Probe  
  15  0:45  Probe  
  16  0:59  Gateway  
  16  1:02  Probe  
  17  1:14  Probe  
  18  1:32  Probe  
  19  1:44  Assimilator  
  19  1:49  Zealot  
  21  1:54  Pylon  
  21  2:00  Probe  
  22  2:13  Probe  
  23  2:21  Probe  
  23  2:22  Zealot  
  26  2:42  Probe  
  27  2:49  Zealot  
  29  2:57  Probe  
  30  3:08  Nexus  
  30  3:10  Pylon  
  30  3:13  Probe  
  30  3:19  Gateway  
  31  3:26  Pylon  
  31  3:28  Zealot  
  33  3:55  Zealot  
  35  4:02  Pylon  
  35  4:22  Zealot  
  37  4:26  Probe  
  38  4:34  Assimilator  
  39  4:38  Probe  
  39  4:40  Zealot  
  39  4:41  Forge  
  41  4:49  Zealot  
  43  4:55  Pylon  
  43  4:57  Pylon  
  43  5:00  Probe  
  43  5:01  Probe  
  47  5:07  Zealot  
  47  5:11  Pylon  
  47  5:13  Probe  
  48  5:16  Zealot  
  48  5:17  Photon Cannon  
  50  5:22  Photon Cannon  
  50  5:25  Probe  
  51  5:34  Zealot  
  53  5:44  Probe x2  
  53  5:48  Zealot  
  57  5:51  Cybernetics Core  
  57  5:56  Probe x2  
  59  6:00  Pylon  
  59  6:01  Protoss Ground Weapons Level 1, Zealot  
  61  6:11  Gateway  
  61  6:15  Pylon, Zealot  
  61  6:17  Pylon  
  63  6:19  Probe x2  
  65  6:31  Probe x2  
  67  6:39  Twilight Council  
  67  6:43  Probe x2  
  67  6:45  Pylon  
  67  6:46  Pylon  
  69  6:49  Photon Cannon  
  69  6:51  Photon Cannon  
  69  6:52  Probe x2  
  69  6:53  Photon Cannon, Zealot x3  
  69  6:55  Photon Cannon  
  69  6:59  Photon Cannon  
  69  7:00  Probe  
  71  7:02  Photon Cannon  
  78  7:19  Zealot  
  80  7:25  Zealot x2  
  80  7:26  Charge  
  84  7:32  Forge  
  84  7:34  Pylon  
  84  7:35  Pylon, Probe x2  
  86  7:45  Warp Gate  
  86  7:46  Zealot  
  86  7:47  Probe  
  89  7:52  Assimilator  
  89  8:04  Protoss Shields Level 1  
  89  8:20  Assimilator  
  89  8:21  Probe  
  89  8:23  Probe  
  91  8:50  Stargate  
  91  9:03  Probe x2  
  93  9:15  Probe  
  93  9:17  Probe  
  95  9:24  Nexus  
  95  9:31  Pylon  
  95  9:34  Pylon  
  95  9:35  Pylon  
  95  9:36  Probe x2  
  97  10:00  Fleet Beacon  
  97  10:04  Pylon  
  97  10:05  Pylon  
  97  10:07  Pylon  
  97  10:09  Pylon  
  97  10:15  Probe x2  
  97  10:18  Assimilator  
  99  10:21  Assimilator  
  99  10:29  Pylon  
  99  10:56  Zealot x2  
  99  10:57  Zealot  
  105  11:05  Gateway  
  105  11:07  Gateway  
  105  11:09  Pylon  
  105  11:10  Pylon  
  102  12:28  Zealot  
  102  12:29  Zealot x4  
Show
View Real Time Build Order
Export as new Build Order

TATORREA Protoss 

Build Orders:  

Get SALT Encoding   

  12  0:01  Probe  
  13  0:17  Probe  
  14  0:28  Pylon  
  14  0:29  Probe  
  15  0:46  Probe  
  16  0:50  Gateway  
  16  1:09  Probe  
  16  1:17  Probe  
  17  1:22  Assimilator  
  17  1:25  Probe  
  19  1:33  Probe  
  19  1:36  Assimilator  
  20  1:46  Cybernetics Core  
  20  1:47  Probe  
  20  2:00  Probe  
  21  2:07  Zealot  
  23  2:39  Pylon  
  23  2:46  Pylon  
  23  2:49  Pylon  
  23  2:52  Nexus  
  23  2:53  Probe  
  24  3:04  Probe  
  24  3:05  Warp Gate  
  25  3:08  Stalker  
  25  3:12  Probe  
  28  3:20  Probe  
  29  3:32  Probe  
  30  3:42  Gateway  
  30  3:43  Gateway, Robotics Facility  
  30  3:44  Probe  
  30  3:45  Stargate  
  31  3:56  Probe  
  31  3:59  Stalker  
  34  4:04  Probe  
  35  4:16  Pylon x2  
  35  4:21  Probe  
  35  4:23  Probe  
  37  4:33  Probe  
  37  4:35  Probe  
  38  4:46  Probe  
  38  4:48  Probe  
  38  4:52  Pylon  
  40  4:54  Pylon  
  40  4:57  Pylon  
  40  4:58  Probe  
  41  5:00  Assimilator, Probe  
  41  5:02  Assimilator  
  42  5:09  Immortal  
  42  5:10  Probe  
  42  5:12  Probe  
  48  5:22  Probe  
  48  5:24  Probe  
  50  5:29  Void Ray  
  54  5:41  Stalker x2  
  54  5:42  Stalker  
  60  5:49  Observer  
  59  6:15  Void Ray  
  59  6:23  Stalker  
  59  6:24  Stalker x2  
  65  6:32  Probe x2  
  67  6:44  Immortal, Probe x2  
  73  6:52  Stalker x2  
  73  6:53  Stalker  
  79  6:56  Probe  
  79  6:58  Void Ray  
  83  7:17  Forge  
  83  7:41  Void Ray  
  79  8:07  Stalker  
  79  8:08  Stalker x2  
  85  8:24  Void Ray  
  89  8:36  Stalker x3  
  95  9:07  Void Ray  
  99  9:27  Pylon  
  99  9:31  Pylon  
  99  9:35  Pylon  
  99  9:39  Pylon  
  99  9:44  Nexus  
  99  9:45  Pylon  
  99  9:46  Pylon  
  99  9:49  Pylon  
  99  9:50  Void Ray, Pylon  
  99  9:51  Pylon  
  103  9:58  Photon Cannon  
  103  10:00  Photon Cannon  
  103  10:02  Photon Cannon  
  103  10:03  Shield Battery  
  103  10:06  Shield Battery  
  103  10:09  Photon Cannon  
  103  10:21  Protoss Ground Weapons Level 1  
  103  10:24  Immortal  
  103  10:28  Stalker x2  
  109  10:29  Stalker, Pylon  
  109  10:32  Void Ray, Pylon  
  117  10:38  Gateway  
  117  10:41  Gateway  
  117  10:43  Gateway  
  117  10:50  Twilight Council  
  117  11:08  Stalker x2  
  117  11:09  Stalker  
  123  11:15  Void Ray, Observer  
  128  11:36  Immortal  
  58  11:53  Stalker x2  
  58  11:54  Stalker x2  
  60  11:55  Stalker x2  
  60  11:58  Void Ray  
  70  12:07  Pylon  
Show
View Real Time Build Order
Export as new Build Order

MrFercho Zerg 

Build Orders: Pool First 

Get SALT Encoding   

  12  0:01  Drone  
  13  0:14  Overlord  
  13  0:23  Drone  
  14  0:34  Drone x2  
  16  0:43  Spawning Pool  
  16  0:48  Drone  
  16  1:05  Drone  
  16  1:06  Drone  
  18  1:20  Drone  
  19  1:30  Extractor  
  18  1:33  Queen  
  18  1:35  Zergling x4  
  22  1:41  Overlord  
  22  2:00  Hatchery, Drone  
  22  2:02  Drone  
  23  2:13  Drone  
  24  2:27  Drone  
  25  2:38  Zergling x2  
  25  2:43  Metabolic Boost  
  26  2:45  Drone  
  27  3:00  Overlord  
  27  3:01  Overlord  
  27  3:35  Zergling x18  
  36  3:42  Evolution Chamber  
  36  3:43  Extractor  
  34  3:52  Drone x2  
  34  3:53  Queen  
  38  4:00  Drone x2  
  39  4:11  Spine Crawler  
  39  4:15  Spine Crawler  
  37  4:21  Zergling x8  
  41  4:28  Spine Crawler  
  41  4:29  Spine Crawler  
  38  4:46  Zergling x12  
  38  4:50  Zerg Melee Weapons Level 1  
  44  4:55  Lair  
  44  4:56  Evolution Chamber  
  43  5:02  Drone  
  43  5:03  Drone x2  
  46  5:12  Overlord  
  46  5:17  Overlord  
  46  5:18  Overlord  
  46  5:23  Drone  
  46  5:24  Zerg Ground Armor Level 1  
  46  5:26  Drone  
  46  5:45  Zergling x2  
  46  5:46  Zergling x10  
  52  6:03  Zergling x10  
  57  6:14  Queen  
  52  6:52  Zergling x2  
  52  6:53  Overlord x3  
  50  7:03  Zerg Melee Weapons Level 2  
  29  7:24  Zergling x2  
  29  7:25  Zergling x14  
  35  7:32  Queen  
  35  7:35  Spore Crawler  
  35  7:36  Zerg Ground Armor Level 2  
  36  7:40  Drone x4  
  36  8:06  Hydralisk Den  
  36  8:11  Extractor  
  29  8:21  Drone  
  29  8:22  Drone x10  
  37  8:29  Drone, Spore Crawler  
  35  8:42  Muscular Augments  
  35  8:46  Drone  
  36  8:50  Drone  
  36  8:51  Drone  
  36  8:54  Drone  
  36  8:55  Drone  
  40  9:01  Hydralisk  
  42  9:09  Drone x5  
  47  9:54  Grooved Spines  
  47  10:05  Hydralisk  
  47  10:06  Hydralisk  
  51  10:07  Overlord  
  51  10:08  Overlord x3  
  51  10:16  Hatchery  
  51  10:19  Spire  
  49  10:22  Infestation Pit  
  48  10:28  Drone x3  
  48  10:29  Hatchery  
  48  10:30  Queen  
  48  10:34  Extractor, Drone  
  52  10:58  Hive  
  52  11:01  Drone x4  
  56  11:28  Hydralisk x5  
  56  11:29  Hydralisk x3  
  72  11:42  Hatchery  
  71  11:49  Hydralisk  
  71  11:50  Hydralisk x8  
  89  12:01  Mutalisk x2  
Show
View Real Time Build Order
Export as new Build Order

tigro Terran 

Build Orders:  

Get SALT Encoding   

  12  0:03  SCV  
  13  0:15  SCV  
  14  0:21  Supply Depot  
  14  0:27  SCV  
  15  0:36  Refinery  
  15  0:43  SCV  
  16  0:52  Barracks  
  16  0:56  SCV  
  17  1:08  SCV  
  18  1:27  SCV  
  19  1:37  Refinery  
  19  1:39  SCV  
  20  1:41  Marine  
  21  1:51  SCV  
  21  1:52  Barracks  
  22  1:59  Marine  
  23  2:12  Supply Depot  
  23  2:33  Marine, SCV  
  25  2:42  Barracks Reactor  
  25  2:46  SCV  
  25  2:51  Marine  
  26  2:58  SCV  
  28  3:03  Command Center  
  28  3:09  Marine  
  29  3:14  Factory  
  29  3:43  Engineering Bay  
  29  3:54  Barracks Tech Lab  
  29  4:17  Marine x3, Refinery  
  29  4:21  Orbital Command  
  32  4:25  Factory Tech Lab  
  32  4:34  Marine  
  32  4:35  Marine x2  
  32  4:38  Starport  
  35  4:47  SCV  
  35  4:52  Marine x3  
  37  4:59  Siege Tank, SCV  
  43  5:03  Terran Infantry Weapons Level 1  
  43  5:08  Combat Shield  
  43  5:10  Marine x3  
  43  5:11  SCV  
  47  5:17  Starport  
  47  5:18  Refinery  
  47  5:23  SCV  
  47  5:28  Marine  
  48  5:35  SCV  
  48  6:12  Missile Turret  
  48  6:33  Missile Turret x2  
  48  6:49  Medivac, Fusion Core  
  50  6:54  Missile Turret x2  
  50  6:55  Starport Tech Lab  
  50  6:57  Terran Infantry Armor Level 1  
  50  7:15  Missile Turret  
  50  7:19  Missile Turret  
  50  7:36  Missile Turret  
  50  7:45  Missile Turret  
  50  7:57  Planetary Fortress  
  50  7:58  Missile Turret  
  45  8:33  Armory  
  45  8:34  Starport Tech Lab  
  45  8:39  SCV  
  46  8:51  SCV  
  47  8:57  Supply Depot  
  47  9:04  SCV  
  48  9:16  SCV  
  49  9:28  SCV  
  50  9:40  SCV  
  51  9:52  SCV  
  52  9:54  Battlecruiser  
  52  9:57  Battlecruiser  
  52  9:59  Marine  
  64  10:00  Marine x2  
  64  10:04  SCV, Missile Turret  
  68  10:17  Marine x3  
  71  10:25  Missile Turret  
  71  10:35  Marine x2  
  72  10:40  Supply Depot  
  73  10:47  Missile Turret  
  73  11:02  Battlecruiser  
  73  11:03  Supply Depot  
  79  11:10  Missile Turret  
  79  11:27  Battlecruiser  
  79  11:30  Marine x3  
  73  11:48  Marine x2  
  53  12:35  Missile Turret  
Tags
 
Add a new tag
Caveats
  • Supply blocks, unpowered buildings, or Contaminate may cause inaccurate times.
  • Supply counts are checked every 10 seconds.